 Dungeon Crawl Stone Soup version 0.22-a0-348-gd16d139 (webtiles) character file.

4436 BaronVonScrub the Cleaver (level 10, -4/97 HPs)
             Began as an Octopode Monk on Apr 7, 2018.
             Was a Believer of Ru.
             Slain by a two-headed ogre
             ... wielding a +0 giant club
              (19 damage)
             ... on level 9 of the Dungeon.
             The game lasted 00:41:31 (8312 turns).

BaronVonScrub the Cleaver (Octopode Monk)           Turns: 8312, Time: 00:41:33

Health: -4/97      AC:  8    Str: 22    XL:     10   Next: 36%
Magic:  19/19      EV: 17    Int: 13    God:    Ru [**....]
Gold:   565        SH:  0    Dex: 18    Spells: 9/9 levels left

rFire    . . .     SeeInvis .   n - +8 war axe of the Turnip {venom, -Tele +Inv rC+++ Str+3}
rCold    + + +     Gourm    .   (no shield)
rNeg     + . .     Faith    .   (helmet restricted)
rPois    .         Spirit   .   p - amulet of rage
rElec    .         Reflect  .   c - +5 ring of protection
rCorr    .         Harm     .   l - ring of stealth
MR       .....     NoTele   +   j - ring of positive energy
Stlth    ..........             m - +2 ring of protection
HPRegen  0.26/turn              q - ring of magical power
MPRegen  0.16/turn              t - +4 ring of dexterity
                                (no ring)
                                (no ring)

@: berserking, no potions, starving, very quick
A: almost no armour, stealthy swim, amphibious, 8 rings, constrict 8, camouflage
1, gelatinous body 1, inability to drink while threatened, missing an eye
a: Sacrifice Skill, Sacrifice Resistance, Sacrifice Stealth, Reject Sacrifices,
Renounce Religion, Evoke Berserk Rage, Evoke Invisibility


You were on level 9 of the Dungeon.
You worshipped Ru.
Ru was pleased with you.
You were starving.

You visited 2 branches of the dungeon, and saw 10 of its levels.
You also visited: Ossuary.

You collected 565 gold pieces.

Inventory:

Hand Weapons
 a - a +0 falchion
 d - a +2 short sword of venom
 k - a +0 dagger of freezing
 n - the +8 war axe of the Turnip (weapon) {venom, -Tele +Inv rC+++ Str+3}
   (You found it on level 5 of the Dungeon)

   It poisons the flesh of those it strikes.
   It affects your strength (+3).
   It renders you almost immune to cold.
   It lets you turn invisible.
   It prevents most forms of teleportation.
Jewellery
 c - a +5 ring of protection (left tentacle)
 g - an uncursed ring of teleportation
 j - a ring of positive energy (on tentacle)
 l - a ring of stealth (right tentacle)
 m - a +2 ring of protection (on tentacle)
 p - an amulet of rage (around mantle)
 q - a ring of magical power (on tentacle)
 t - a +4 ring of dexterity (on tentacle)
 y - an uncursed amulet of magic regeneration
Wands
 h - a wand of acid (2)
 o - a wand of random effects (25)
 x - a wand of scattershot (2)
Scrolls
 f - 7 scrolls of remove curse
 i - 10 scrolls of identify
 r - 2 scrolls of magic mapping
 u - a scroll of immolation
 w - a scroll of blinking
 A - a scroll of enchant armour
 C - a scroll of teleportation
Potions
 e - 5 potions of curing
 s - 2 potions of invisibility
 v - a potion of berserk rage
 z - a potion of resistance
Comestibles
 b - 10 rations


   Skills:
 - Level 4.9 Fighting
 - Level 4.6(5.1) Short Blades
 - Level 3.0(4.2) Long Blades
 * Level 11.5 Axes
 - Level 5.3 Dodging
 - Level 7.3 Stealth


You had 9 spell levels left.
You didn't know any spells.

Dungeon Overview and Level Annotations

Branches:
Dungeon (9/15)             Temple (1/1) D:4
   Lair: D:8-11         Orc: D:9-12

Altars:
Ashenzari
Cheibriados
Dithmenos
Elyvilon
Fedhas
Gozag
Hepliaklqana
Makhleb
Nemelex Xobeh
Okawaru
Qazlal
Ru
Sif Muna
Trog
Uskayaw
Vehumet
Wu Jian
Xom
Yredelemnul
Zin
The Shining One

Annotations:
D:3 BaronVonScrub's ghost, amateur OpAs


Innate Abilities, Weirdness & Mutations

You cannot wear most types of armour.
You are very stealthy in the water. (Stealth+)
You are amphibious.
You can wear up to eight rings at the same time.
You can use your tentacles to constrict eight enemies at once.
Your skin changes colour to match your surroundings (Stealth+).
Your rubbery body absorbs attacks. (AC +1, EV +1)
You cannot drink potions while threatened.
You are missing an eye, making it more difficult to aim.


Message History

You closely miss the two-headed ogre.
The two-headed ogre is lightly wounded.
The two-headed ogre misses you.
The two-headed ogre hits you with a giant spiked club.
You hit the two-headed ogre.
The two-headed ogre is lightly wounded.
The two-headed ogre hits you with a giant club!!
You feel threatened and lose the ability to drink potions!
* * * LOW HITPOINT WARNING * * *
The two-headed ogre misses you.
You fail to use your ability.
Okay, then.
You cannot blink because you are wielding the +8 war axe of the Turnip {venom, -Tele +Inv rC+++ Str+3}.
A red film seems to cover your vision as you go berserk!
You feel yourself moving faster!
You feel mighty!
You are starving!
The two-headed ogre hits you with a giant club!
* * * LOW HITPOINT WARNING * * *
The two-headed ogre hits you with a giant spiked club!!
You die...

########
.......#####
#..@O..#
#..#######
#..
#.........
###..#
#.........
....#
#.........
#...#
#.#..#####
#.... #.####
#..>###.#
#...#.#<#####


You could see a two-headed ogre.

Vanquished Creatures
  Pikel (D:6)
  Joseph (D:7)
  A gargoyle (D:8)
  The ghost of mdmota the Conjurer, an amateur DECj (D:5)
  Sigmund (D:5)
  A hungry ghost (D:7)
  Menkaure (D:7)
  4 ice beasts
  A sky beast (D:7)
  A slave (D:6)
  An orc warrior (D:7)
  2 phantoms
  2 ogres
  5 centaurs
  A bullfrog (D:8)
  A gnoll sergeant (D:4)
  2 scorpions
  6 killer bees (D:7)
  A howler monkey (D:4)
  4 hounds
  A human zombie (Ossuary)
  A centaur skeleton (D:6)
  6 orc priests
  7 orc wizards
  A bullfrog skeleton (D:7)
  2 iguanas
  Ijyb (D:5)
  3 worker ants
  A big kobold zombie (Ossuary)
  2 hound skeletons
  2 mummies (Ossuary)
  5 gnolls (D:4)
  7 adders
  2 shadow imps (D:5)
  3 oozes
  An adder skeleton (D:6)
  3 worms
  3 dart slugs (D:1)
  5 leopard geckos
  20 orcs
  2 ball pythons
  6 bats
  5 giant cockroaches
  3 gnoll zombies
  12 goblins
  6 hobgoblins
  15 jackals
  2 quokkas (D:2)
  8 frilled lizards
  4 goblin zombies (Ossuary)
  2 hobgoblin zombies (Ossuary)
  14 kobolds
  4 orc zombies (Ossuary)
  5 rats
202 creatures vanquished.

Vanquished Creatures (others)
  A gnoll zombie (D:6)
1 creature vanquished.

Grand Total: 203 creatures vanquished

Notes
Turn   | Place    | Note
-------+----------+-------------------------------------------
     0 | D:1      | BaronVonScrub the Octopode Monk began the quest for the Orb.
     0 | D:1      | Reached XP level 1. HP: 16/16 MP: 1/1
    96 | D:1      | Reached XP level 2. HP: 19/21 MP: 2/2
   465 | D:1      | Reached XP level 3. HP: 13/26 MP: 3/3
  1263 | D:2      | Reached XP level 4. HP: 31/32 MP: 4/4
  1412 | D:2      | Reached skill level 1 in Short Blades
  1425 | D:2      | Found a sacrificial altar of Ru.
  1457 | D:2      | Reached XP level 5. HP: 28/37 MP: 5/5
  1576 | D:2      | Found a shimmering altar of Xom.
  1944 | D:2      | Became a worshipper of Ru the Awakened
  1948 | D:2      | Gained mutation: You are missing an eye, making it more difficult to aim. [Ru sacrifice]
  1948 | D:2      | Reached * piety under Ru
  2113 | D:3      | Reached skill level 5 in Stealth
  2208 | D:3      | Noticed BaronVonScrub's ghost (amateur OpAs)
  2691 | D:3      | Reached XP level 6. HP: 37/43 MP: 6/6
  2889 | D:4      | Noticed a phantom
  2890 | D:4      | Found a sand-covered staircase.
  2895 | Ossuary  | Entered an ossuary
  3240 | D:4      | Reached XP level 7. HP: 47/47 MP: 7/7
  3503 | D:4      | Found a snail-covered altar of Cheibriados.
  3654 | D:4      | Found a staircase to the Ecumenical Temple.
  3660 | Temple   | Entered the Ecumenical Temple
  4217 | D:5      | Entered Level 5 of the Dungeon
  4231 | D:5      | Noticed Sigmund
  4236 | D:5      | Killed Sigmund
  4236 | D:5      | Reached skill level 5 in Dodging
  4308 | D:5      | Reached XP level 8. HP: 46/54 MP: 8/8
  4314 | D:5      | Gained mutation: You cannot drink potions while threatened. [Ru sacrifice]
  4314 | D:5      | Reached ** piety under Ru
  4323 | D:5      | Got a translucent war axe
  4324 | D:5      | Identified the +8 war axe of the Turnip {venom, -Tele +Inv rC+++ Str+3} (You found it on level 5 of the Dungeon)
  4417 | D:5      | Reached skill level 1 in Axes
  4476 | D:5      | Noticed mdmota's ghost (amateur DECj)
  4491 | D:5      | Killed mdmota's ghost
  4491 | D:5      | Reached skill level 3 in Axes
  4770 | D:5      | Noticed Ijyb
  4780 | D:5      | Killed Ijyb
  5445 | D:6      | Reached skill level 4 in Axes
  5642 | D:6      | Noticed Pikel
  5648 | D:6      | Killed Pikel
  5648 | D:6      | Reached skill level 6 in Axes
  5648 | D:6      | Reached XP level 9. HP: 56/60 MP: 9/9
  5683 | D:6      | Reached skill level 7 in Axes
  5820 | D:6      | Found a basalt altar of Yredelemnul.
  5973 | D:6      | Reached skill level 8 in Axes
  6067 | D:7      | Noticed Menkaure
  6074 | D:7      | Killed Menkaure
  6109 | D:7      | Reached skill level 9 in Axes
  6320 | D:7      | Reached skill level 10 in Axes
  6362 | D:7      | Reached XP level 10. HP: 45/65 MP: 10/10
  6531 | D:7      | Noticed Joseph
  6546 | D:7      | Killed Joseph
  6906 | D:7      | Found a burning altar of Makhleb.
  6906 | D:7      | Noticed a green death
  7363 | D:8      | Found an opulent altar of Gozag.
  7394 | D:8      | Reached skill level 11 in Axes
  7455 | D:8      | Found a hazy altar of Hepliaklqana.
  7456 | D:8      | Found a glowing silver altar of Zin.
  7787 | D:8      | Found a stormy altar of Qazlal.
  7787 | D:8      | Found a bloodstained altar of Trog.
  7789 | D:8      | Found a shattered altar of Ashenzari.
  7789 | D:8      | Found a blossoming altar of Fedhas.
  7868 | D:8      | Noticed a gargoyle
  7879 | D:8      | Killed a gargoyle
  8305 | D:9      | Noticed a two-headed ogre
  8312 | D:9      | Slain by a two-headed ogre

Vault maps used:
D:1:      co_arrival_random_square_maze, minmay_cut_off
D:2:      nicolae_ru_awakened_eye, tgw_xom
D:4:      cheibriados_altar_1, minmay_temple_entry_fiery, enter_ossuary_2,
          lightli_minifort
D:5:      first_ration, sigmund_army, uniq_sigmund, uniq_ijyb
D:6:      lemuel_zombie_altar_yredelemnul, uniq_pikel
D:7:      makhleb_altar_promises_db, uniq_joseph, uniq_menkaure
D:8:      grunt_temple_overflow_open
D:9:      lemuel_round_altar, minmay_lair_entry_lava
Temple:   chequers_temple_sunken
Ossuary:  minmay_ossuary_gauntlet

Skill      XL: |  1  2  3  4  5  6  7  8  9 10 |
---------------+-------------------------------+-----
Stealth        | 3 4 5 7 |  7.3
Short Blades   | 1 2 4 |  4.6
Dodging        | 4 5 |  5.3
Fighting       | 4 |  4.9
Axes           | 6 10 11 | 11.5
Long Blades    | |  3.0

Action                   |  1- 3 |  4- 6 |  7- 9 | 10-12 || total
-------------------------+-------+-------+-------+-------++-------
Melee: Falchion          |    49 |       |       |       ||    49
       Constrict         |    19 |    45 |    27 |     4 ||    95
       Tentacles         |    11 |    39 |    46 |     8 ||   104
       Short sword       |    15 |   253 |    67 |       ||   335
       War axe           |       |       |   123 |    50 ||   173
Invok: Sacrifice an Eye  |       |     1 |       |       ||     1
       Sacrifice Drink   |       |       |     1 |       ||     1
 Abil: Evoke Berserk Rag |       |       |     1 |     1 ||     2
  Use: Potion            |     3 |     2 |     4 |       ||     9
       Scroll            |     3 |     4 |     5 |     1 ||    13
 Stab: Sleeping          |     9 |     8 |    11 |     5 ||    33
       Distracted        |     1 |     1 |     1 |       ||     3
       Invisible         |       |       |     1 |       ||     1
  Eat: Chunk             |     1 |     3 |     5 |     2 ||    11
       Ration            |       |     1 |     2 |     1 ||     4
Armor: Skin              |     9 |    61 |    32 |     1 ||   103
Dodge: Dodged            |    41 |   169 |   135 |    32 ||   377
       Rpst.: Falchion   |     9 |       |       |       ||     9

Table legend:
 A = Spawn XP
 B = Non-spawn XP
 C = Spawn XP percentage of total XP
 D = Spawn monster count
 E = Non-spawn monster count
 F = Spawn count percentage of total count
 G = Total turns spent on level
                    A         B        C        D         E        F      G
               +---------+---------+-------+---------+---------+-------+---------
         Total |       0 |    6338 |   0.0 |       0 |     201 |   0.0 |  8312
               +---------+---------+-------+---------+---------+-------+---------
           D:1 |       0 |      59 |   0.0 |       0 |      33 |   0.0 |  1241
           D:2 |       0 |     143 |   0.0 |       0 |      36 |   0.0 |  1041
           D:3 |       0 |     126 |   0.0 |       0 |      29 |   0.0 |   529
           D:4 |       0 |     494 |   0.0 |       0 |      13 |   0.0 |  1218
           D:5 |       0 |     796 |   0.0 |       0 |      16 |   0.0 |  1020
           D:6 |       0 |    1485 |   0.0 |       0 |      27 |   0.0 |   636
           D:7 |       0 |    2111 |   0.0 |       0 |      22 |   0.0 |   900
           D:8 |       0 |     971 |   0.0 |       0 |       8 |   0.0 |  1331
           D:9 |       0 |      37 |   0.0 |       0 |       1 |   0.0 |    20
       Ossuary |       0 |     116 |   0.0 |       0 |      16 |   0.0 |   311
               +---------+---------+-------+---------+---------+-------+---------
